 Dungeon Crawl Stone Soup version 0.19-a0-1368-g41a3d51 (webtiles) character file.

287 PurpleRed the Conjurer (level 6, -2/32 HPs)
             Began as a Deep Elf Conjurer on Sept 2, 2016.
             Shot with an arrow by a centaur (11 damage)
             ... on level 4 of the Dungeon.
             The game lasted 00:07:34 (931 turns).

PurpleRed the Conjurer (Deep Elf Conjurer)           Turns: 931, Time: 00:07:35

Health: -2/32      AC:  2    Str:  5    XL:     6   Next: 8%
Magic:  3/15       EV: 13    Int: 22    God:
Gold:   78         SH:  0    Dex: 15    Spells: 4 memorised, 3 levels left

rFire  . . .     SeeInvis .     k - +0 falchion
rCold  . . .     Gourm    .     a - +0 robe
rNeg   . . .     Faith    .     (no shield)
rPois  .         Spirit   .     (no helmet)
rElec  .         Dismiss  .     (no cloak)
rCorr  .         Reflect  .     (no gloves)
MR     .....     Harm     .     (no boots)
Stlth  ++........               (no amulet)
                                (no ring)
                                (no ring)

@: no status effects
A: no striking features
a: no special abilities


You were on level 4 of the Dungeon.
You were not hungry.

You visited 1 branch of the dungeon, and saw 4 of its levels.

You collected 78 gold pieces.

Inventory:

Hand Weapons
 k - a +0 falchion (weapon)
Armour
 a - a +0 robe (worn)
Wands
 j - a wand of lightning (7/15)
Scrolls
 e - 2 scrolls of teleportation
Potions
 d - a potion of magic
 o - a potion of cure mutation {unknown}
Books
 b - a book of Conjurations

   Spells                             Type                      Level
   a - Magic Dart                     Conjuration                  1
   b - Searing Ray                    Conjuration                  2
   c - Dazzling Spray                 Conjuration/Hexes            3
   d - Fulminant Prism                Conjuration/Hexes            4
   e - Iskenderun's Mystic Blast      Conjuration                  4
   f - Iskenderun's Battlesphere      Conjuration/Charms           5
Comestibles
 c - a bread ration
 f - 3 beef jerkies


   Skills:
 - Level 2.4 Dodging
 - Level 2.4 Stealth
 + Level 5.1 Spellcasting
 * Level 7.1 Conjurations
 + Level 1.9 Charms


You had 3 spell levels left.
You knew the following spells:

 Your Spells              Type           Power        Failure   Level  Hunger
a - Magic Dart            Conj           ####         1%          1    None
b - Searing Ray           Conj           #####.       1%          2    None
c - Iskenderun's Mystic   Conj           #####...     8%          4    ####...
d - Iskenderun's Battles  Conj/Chrm      ####....     50%         5    #####..


Dungeon Overview and Level Annotations

Branches:
Dungeon (4/15)
 Temple: D:4-7

Altars:
Cheibriados
Fedhas
Gozag
Makhleb
Ru


Message History

a club; a gnoll corpse Evoke which item? (* to show all) (? for menu, Esc to quit)
Zapping:
j - a wand of lightning {zapped: 5} (will waste charges)
Press: ? - help, Shift-Dir - straight line You hear a mighty clap of thunder!
The bolt of lightning hits the gnoll.
You kill the gnoll!
Evoking this partially-identified wand wasted a few charges.
You hear a shout! x2
Things that are here:
a whip; a gnoll corpse
There is a stone staircase leading up here.
You see here a potion of degeneration.
A gnoll comes into view. It is wielding a spear.
A centaur comes into view. It is wielding a dagger.
The centaur unwields an uncursed dagger.
The centaur wields a shortbow.
The centaur shoots an arrow.
The arrow hits you!
* * * LOW HITPOINT WARNING * * *
The centaur shoots an arrow.
The arrow hits you!
You die...

#g #= ## .. .# # #.###.# .#
##.#...# #.###.c#..#
#...§.....# ###
#.#.###.##.# ..####.#
##.##@# .....†## ##.#.##.#
#.####.###.##.##<# #.#
##.#.....##.# #.#
#..#.....g.#
#.#####..#..####.#
#..<.....#..# #.#
########.#..####)##########
#..................#


You could see a centaur and a gnoll (wandering).

Vanquished Creatures
  2 phantoms
  A worker ant (D:4)
  2 gnolls (D:4)
  2 adders
  An ooze (D:2)
  2 worms (D:3)
  2 dart slugs (D:3)
  2 giant geckos
  2 orcs (D:3)
  2 bats (D:3)
  A giant cockroach (D:2)
  5 goblins
  A hobgoblin (D:2)
  4 kobolds
  4 giant newts
  A jackal skeleton (D:4)
  A rat (D:3)
35 creatures vanquished.

Notes
Turn   | Place    | Note
-------+----------+-------------------------------------------
     0 | D:1      | PurpleRed the Deep Elf Conjurer began the quest for the Orb.
     0 | D:1      | Reached XP level 1. HP: 10/10 MP: 6/6
    64 | D:2      | Reached XP level 2. HP: 14/15 MP: 2/8
    68 | D:2      | Learned a level 2 spell: Searing Ray
   114 | D:2      | Reached skill level 5 in Conjurations
   159 | D:2      | Found a snail-covered altar of Cheibriados.
   161 | D:2      | Found an opulent altar of Gozag.
   356 | D:2      | Found a blossoming altar of Fedhas.
   356 | D:2      | Found a sacrificial altar of Ru.
   358 | D:2      | Found a burning altar of Makhleb.
   381 | D:3      | Reached XP level 3. HP: 19/19 MP: 9/9
   591 | D:4      | Noticed a phantom
   635 | D:4      | Reached XP level 4. HP: 10/24 MP: 0/12
   783 | D:4      | Noticed a phantom
   819 | D:3      | Killed a phantom
   819 | D:3      | Reached skill level 6 in Conjurations
   819 | D:3      | Reached XP level 5. HP: 11/28 MP: 4/14
   825 | D:3      | Learned a level 4 spell: Iskenderun's Mystic Blast
   831 | D:3      | Learned a level 5 spell: Iskenderun's Battlesphere
   909 | D:4      | Killed a phantom
   909 | D:4      | Reached skill level 5 in Spellcasting
   909 | D:4      | Reached skill level 7 in Conjurations
   909 | D:4      | Reached skill level 1 in Charms
   909 | D:4      | Reached XP level 6. HP: 22/32 MP: 2/15
   931 | D:4      | Shot with an arrow by a centaur

Vault maps used:
D:1:      co_arrival_square_in_a_square_in_a_square
D:2:      nicolae_overflow_hidden_temple, serial_bayou_lagoon_b
D:4:      enter_ossuary_1, first_bread, serial_shops, kennysheep_mini

Skill      XL: |  1  2  3  4  5 |
---------------+----------------+-----
Conjurations   | 5 6 7 |  7.1
Spellcasting   | 4 5 |  5.1
Charms         | 1 |  1.9
Dodging        | |  2.4
Stealth        | |  2.4

Action                   |  1- 3 |  4- 6 || total
-------------------------+-------+-------++-------
Melee: Mace              |    10 |       ||    10
       Falchion          |       |     4 ||     4
 Cast: Magic Dart        |    30 |    12 ||    42
       Searing Ray       |     8 |     7 ||    15
Evoke: Wand              |       |     3 ||     3
  Use: Scroll            |     8 |     2 ||    10
       Potion            |       |     1 ||     1
Armor: Robe              |     4 |     1 ||     5
Dodge: Dodged            |    22 |     6 ||    28
